 Dungeon Crawl Stone Soup version 0.19.0-22-gd96e5fe (webtiles) character file.

1719 KristoblXynda the Chopper (level 8, -13/61 HPs)
             Began as a Red Draconian Skald on Nov 19, 2016.
             Was a Follower of Ashenzari.
             Mangled by an orc warrior
             ... wielding a +0 long sword
              (15 damage)
             ... on level 6 of the Dungeon.
             The game lasted 00:11:44 (6974 turns).

KristoblXynda the Chopper (Red Draconian Skald)     Turns: 6974, Time: 00:11:46

Health: -13/61     AC:  7    Str: 15    XL:     8   Next: 75%
Magic:  11/11      EV: 16    Int: 22    God:    Ashenzari [*.....]
Gold:   346        SH:  0    Dex: 14    Spells: 1 memorised, 8 levels left

rFire  + + .     SeeInvis .     v - +7 mace of the Candle {vamp, rPois rC- Int+7 Dex+4}
rCold  x . .     Gourm    .     (armour unavailable)
rNeg   + . .     Faith    .     (no shield)
rPois  +         Spirit   .     (helmet restricted)
rElec  .         Reflect  .     h - +0 cloak (curse)
rCorr  .         Harm     .     (no gloves)
MR     .....                    (no boots)
Stlth  +.........               (no amulet)
                                j - ring of protection from fire (curse)
                                e - ring of positive energy

@: short of breath, slowed, very slow
A: breathe fire, unfitting armour, fire resistance 1, cold-blooded, AC +6
a: Breathe Fire, Curse Item, Scrying, Renounce Religion


You were on level 6 of the Dungeon.
You worshipped Ashenzari.
Ashenzari was aware of your devotion.
You were not hungry.

You visited 1 branch of the dungeon, and saw 6 of its levels.

You collected 346 gold pieces.

Inventory:

Hand Weapons
 a - a +0 hand axe
 v - the +7 mace of the Candle (weapon) {vamp, rPois rC- Int+7 Dex+4}
   (You found it on level 5 of the Dungeon)

   It inflicts no extra harm, but heals its wielder when it wounds a living foe.
   It affects your intelligence (+7).
   It affects your dexterity (+4).
   It makes you vulnerable to cold.
   It protects you from poison.
Armour
 h - a cursed +0 cloak (worn)
Jewellery
 e - a ring of positive energy (left hand)
 j - a cursed ring of protection from fire (right hand)
Wands
 f - a wand of disintegration (10/24)
 k - a wand of teleportation (4/9)
 n - a wand of flame (35/48)
 o - a wand of slowing (21/48)
 u - a wand of disintegration (10/24)
Potions
 d - 2 potions of resistance {unknown}
 l - a potion of mutation {unknown}
 s - a potion of might {unknown}
 t - a potion of curing
Books
 b - a book of Battle

   Spells                             Type                      Level
   a - Infusion                       Charms                       1
   b - Shroud of Golubria             Charms/Translocation         2
   c - Song of Slaying                Charms                       2
   d - Spectral Weapon                Hexes/Charms                 3
   e - Regeneration                   Charms/Necromancy            3
Comestibles
 c - 3 bread rations
 g - 2 chunks of flesh
 i - a meat ration
 m - 11 fruits


   Skills:
 - Level 2.1 Fighting
 + Level 7.3 Axes
 + Level 6.7 Dodging
 - Level 2.0 Spellcasting
 - Level 3.7 Charms
 + Level 3.5 Evocations


You had 8 spell levels left.
You knew the following spells:

 Your Spells              Type           Power        Failure   Level  Hunger
a - Regeneration          Chrm/Necr      ##........   21%         3    ###....


Dungeon Overview and Level Annotations

Branches:
Dungeon (6/15)
 Temple: D:4-7

Altars:
Ashenzari
Zin

Shops:
D:5 ?


Innate Abilities, Weirdness & Mutations

You can breathe blasts of fire.
Your fiery red scales are hard. (AC +6)
You cannot fit into any form of body armour.
Your flesh is heat resistant. (rF+)
You are cold-blooded and may be slowed by cold attacks.


Message History

You hit the orc warrior but do no damage.
The orc warrior is almost dead.
The orc warrior closely misses you.
You hit the orc warrior.
You feel better.
The orc warrior is almost dead.
The orc warrior hits you with a long sword!!
* * * LOW HITPOINT WARNING * * *
You barely miss the orc warrior.
The orc warrior is almost dead.
The orc wizard gestures wildly while chanting.
The orc wizard blinks!
The orc warrior barely misses you.
The orc wizard points at you and mumbles some strange words.
You feel yourself slow down.
You closely miss the orc warrior.
Your tail-slap misses the orc warrior.
The orc warrior is almost dead.
The orc warrior hits you with a long sword!
* * * LOW HITPOINT WARNING * * *
The orc wizard barely misses you.
The orc warrior hits you with a long sword!
You die...

##########
##........#
####(..#####.#
#....#.......########
#.##...#####o.......
#.###.## #@#####..
#.# #.######o### #.#
#.# #.. .......# #.#
#.# #.###.)###.###.##
#.# #.##...# #......#
#.# #.###.o###.###..#
#.. #.# #. ##.....#
#..# ... #)#
#.######)### #..# #..
#.# #...).)o{# #..#
#..


You could see an orc warrior and an orc wizard.

Vanquished Creatures
  Menkaure (D:6)
  Duvessa (D:4)
  An ogre (D:4)
  A centaur (D:5)
  2 bullfrogs (D:6)
  Dowan (D:4)
  A scorpion (D:4)
  5 killer bees (D:5)
  A howler monkey (D:4)
  A crimson imp (D:5)
  5 orc priests (D:6)
  A hound (D:4)
  Crazy Yiuf (D:2)
  6 orc wizards
  4 worker ants
  Ijyb (D:3)
  3 iguanas (D:5)
  A hound skeleton (D:6)
  4 gnolls (D:2)
  4 adders
  A shadow imp (D:5)
  An ooze (D:2)
  An adder skeleton (D:5)
  2 worms
  2 dart slugs
  3 leopard geckos
  10 orcs
  3 ball pythons
  8 bats
  13 giant cockroaches
  6 hobgoblins
  14 jackals
  A quokka (D:4)
  5 frilled lizards
  8 goblins
  A jackal skeleton (D:4)
  4 kobolds
  A quokka zombie (D:5)
  11 rats
140 creatures vanquished.

Notes
Turn   | Place    | Note
-------+----------+-------------------------------------------
     0 | D:1      | KristoblXynda the Draconian Skald began the quest for the Orb.
     0 | D:1      | Reached XP level 1. HP: 17/17 MP: 3/3
   132 | D:1      | Reached XP level 2. HP: 21/24 MP: 5/5
   164 | D:1      | Found a shattered altar of Ashenzari.
   175 | D:1      | Became a worshipper of Ashenzari the Shackled
   911 | D:2      | Reached XP level 3. HP: 29/29 MP: 6/6
   959 | D:2      | Found a faded altar of an unknown god.
  1281 | D:2      | Found a runed door.
  1327 | D:2      | Noticed Crazy Yiuf
  1336 | D:2      | Killed Crazy Yiuf
  1448 | D:2      | Reached skill level 3 in Axes
  1448 | D:2      | Reached XP level 4. HP: 27/36 MP: 7/7
  2270 | D:3      | Reached XP level 5. HP: 41/41 MP: 8/8
  3300 | D:3      | Reached skill level 4 in Axes
  3634 | D:3      | Noticed Ijyb
  3638 | D:3      | Killed Ijyb
  3638 | D:3      | Reached XP level 6. HP: 37/48 MP: 9/9
  4932 | D:4      | Noticed Duvessa
  4933 | D:4      | Noticed Dowan
  4955 | D:4      | Killed Duvessa
  4955 | D:4      | Reached skill level 5 in Axes
  4955 | D:4      | Your scales start taking on a fiery red colour.
  4955 | D:4      | Reached XP level 7. HP: 26/55 MP: 10/10
  4955 | D:4      | Gained mutation: Your flesh is heat resistant. (rF+) [Red Draconian growth]
  4963 | D:4      | Killed Dowan
  4963 | D:4      | Reached skill level 5 in Dodging
  5811 | D:5      | Entered Level 5 of the Dungeon
  5823 | D:5      | Found Ecraeco's Magic Scroll Shop.
  5838 | D:5      | Got the mace of the Candle {vamp, rPois rC- Int+7 Dex+4}
  5858 | D:5      | Identified the +7 mace of the Candle {vamp, rPois rC- Int+7 Dex+4} (You found it on level 5 of the Dungeon)
  6023 | D:5      | Reached skill level 6 in Axes
  6064 | D:5      | Found a glowing silver altar of Zin.
  6171 | D:5      | Reached * piety under Ashenzari
  6326 | D:5      | Learned a level 3 spell: Regeneration
  6407 | D:5      | Reached skill level 1 in Evocations
  6413 | D:5      | Reached XP level 8. HP: 34/61 MP: 11/11
  6598 | D:6      | Noticed Menkaure
  6607 | D:6      | Killed Menkaure
  6691 | D:6      | Reached skill level 7 in Axes
  6974 | D:6      | HP: 2/61 [orc warrior/long sword (16)]
  6974 | D:6      | Mangled by an orc warrior

Skill      XL: |  1  2  3  4  5  6  7  8 |
---------------+-------------------------+-----
Charms         | 3 |  3.7
Dodging        | 2 3 4 5 6 |  6.7
Axes           | 3 4 5 6 7 |  7.3
Evocations     | 1 3 |  3.5
Fighting       | |  2.1
Spellcasting   | |  2.0

Action                   |  1- 3 |  4- 6 |  7- 9 || total
-------------------------+-------+-------+-------++-------
Melee: Hand axe          |    48 |       |       ||    48
       Tailslap          |     9 |    14 |    17 ||    40
       Short sword       |    60 |       |       ||    60
       Quarterstaff      |     4 |   194 |    20 ||   218
       Mace              |       |       |   157 ||   157
Invok: Curse Item        |       |     1 |     1 ||     2
 Abil: Breathe Fire      |       |       |     6 ||     6
  Use: Potion            |     1 |     3 |     5 ||     9
       Scroll            |     1 |     3 |     6 ||    10
 Stab: Sleeping          |     1 |       |       ||     1
       Petrified         |       |     5 |       ||     5
       Petrifying        |       |     1 |       ||     1
  Eat: Chunk             |     2 |     7 |     8 ||    17
       Pizza             |       |     2 |       ||     2
       Fruit             |       |       |     5 ||     5
       Beef jerky        |       |       |     1 ||     1
Armor: Skin              |    47 |    90 |    63 ||   200
Dodge: Dodged            |   102 |   184 |   148 ||   434
